 Dungeon Crawl Stone Soup version 0.29.1-14-g9c671dbff4 (webtiles) character file.

Game seed: 7455721229053867307

1323 leafyfresh the Covert (level 8, 0/55 (57) HPs)
             Began as an Octopode Delver on Feb 14, 2023.
             Was an Initiate of Ashenzari.
             Slain by a wight
             ... wielding a +0 great sword
              (14 damage)
             ... on level 6 of the Dungeon.
             The game lasted 00:10:01 (5769 turns).

leafyfresh the Covert (Octopode Delver)             Turns: 5769, Time: 00:10:01

HP:   0/55 (57)     AC:  1    Str: 11    XL:     8   Next: 59%
MP:   8/8           EV: 15    Int: 14    God:    Ashenzari [......]
Gold: 221           SH:  0    Dex: 14    Spells: 6/7 levels left

rFire   . . .      SeeInvis .   B - +4 scimitar
rCold   . . .      Faith    .   (no shield)
rNeg    . . .      Spirit   .   (helmet restricted)
rPois   .          Reflect  .   (no amulet)
rElec   .          Harm     .   (no ring)
rCorr   .          Rampage  .   (no ring)
Will    .....                   (no ring)
Stlth   ++++++....              (no ring)
HPRegen 0.18/turn               (no ring)
MPRegen 0.11/turn               (no ring)
                                (no ring)
                                (no ring)

@: lightly drained
A: almost no armour, amphibious, 8 rings, camouflage 1, gelatinous body 1,
(nimble swimmer 1), tentacles
a: Renounce Religion


You were on level 6 of the Dungeon.
You worshipped Ashenzari.
Ashenzari was noncommittal.
You visited 2 branches of the dungeon, and saw 6 of its levels.

You collected 221 gold pieces.

Inventory:

Hand Weapons
 a - a +0 short sword
 h - a +0 short sword of electrocution
 j - a +1 whip of freezing
 s - a +3 dagger of venom
 y - a +3 short sword
 B - a +4 scimitar (weapon)
Armour
 d - the +2 helmet of Sekhimot {Dex-5 Slay+3 Stlth+}
   (You found it on level 3 of the Dungeon)

   Dex:       It affects your dexterity (-5).
   Slay:      It affects your accuracy & damage with ranged weapons and melee
   (+3).
   Stlth:     It makes you more stealthy.
 v - the +2 helmet of Terror {rC+}
   (You found it on level 3 of the Dungeon)

   rC:        It protects you from cold.
Jewellery
 x - a ring of protection from cold
 A - a ring of magical power
Wands
 f - a wand of digging (3)
 o - a wand of iceblast (5)
 u - a wand of quicksilver (4)
Scrolls
 b - a scroll of fog
 c - 3 scrolls of magic mapping
 g - 2 scrolls of identify
 i - a scroll of butterflies
 p - 2 scrolls of summoning
 q - 3 scrolls of poison
 r - a scroll of amnesia
 t - 2 scrolls of teleportation
 w - a scroll of blinking
Potions
 e - a potion of haste
 k - a potion of attraction {unknown}
 l - 5 potions of curing {unknown}
 m - 2 potions of brilliance {unknown}
 z - 2 potions of magic {unknown}
Miscellaneous
 n - a piece from Xom's chessboard (15/15)


   Skills:
 + Level 6.1 Fighting
 - Level 2.0 Short Blades
 + Level 5.7 Dodging
 - Level 11.6 Stealth


You had 6 spell levels left.
You knew the following spells:

 Your Spells              Type           Power      Damage    Failure   Level
a - Summon Small Mammal   Summ           0%         N/A       28%         1

Your spell library contained the following spells:

 Spells                   Type           Power      Damage    Failure   Level
 Apportation              Tloc           0%         N/A       28%         1
 Necrotise                Necr           0%         1d4       28%         1
 Poisonous Vapours        Pois/Air       0%         N/A       41%         2
 Corpse Rot               Necr/Pois/Air  0%         N/A       96%         4


Dungeon Overview and Level Annotations

Branches:
Dungeon (6/15)             Temple (1/1) D:5

Altars:
Ashenzari
Dithmenos
Hepliaklqana
Kikubaaqudgha
Nemelex Xobeh
Qazlal
Ru
Trog
Uskayaw
Vehumet
Xom
Yredelemnul
Zin
The Shining One

Shops:
D:3 *


Innate Abilities, Weirdness & Mutations

You cannot wear most types of armour.
You are amphibious.
You can wear up to eight rings at the same time.
Your skin changes colour to match your surroundings (Stealth+).
Your rubbery body absorbs attacks. (AC +1, EV +1)
((You are camouflaged when in or above water. (Stealth+)))
You have tentacles for arms and can constrict up to eight enemies at once.


Message History

A wight comes into view. It is wielding a +0 dire flail.
You slash the wight! Your grab misses the wight.
The wight is severely damaged.
The wight hits you with a +3 morningstar!
You closely miss the wight. Your grab misses the wight.
The wight is severely damaged.
The wight barely misses you. x2
You completely miss the wight. You grab the wight. You squeeze the wight.
You destroy the wight!
Your life force feels restored.
Your Fighting skill increases to level 6!
Things that are here:
a +3 morningstar; a +0 robe; 15 gold pieces You barely miss the wight.
You grab the wight. You squeeze the wight.
The wight is moderately damaged.
You constrict the wight, but do no damage.
The wight hits you with a +0 dire flail!
The wight closely misses you.
You hit the wight.
The wight is moderately damaged.
You constrict the wight. The wight misses you.
You hit the wight.
The wight is severely damaged.
You constrict the wight. The wight completely misses you.
A wight comes into view. It is wielding a +0 great sword.
You hit the wight.
You destroy the wight!
Things that are here:
a +0 dire flail; a +0 robe You hit the wight.
You grab the wight.
The wight is moderately damaged.
You constrict the wight, but do no damage.
The wight hits you with a +0 great sword!
You feel drained.
* * * LOW HITPOINT WARNING * * *
You barely miss the wight.
The wight is moderately damaged.
You constrict the wight, but do no damage.
The wight hits you with a +0 great sword!
You die...

#.###..'.._..'.#
#...#.#♣.....♣##
###.#.#♣.≈≈≈.♣
#)#.#♣.....♣
#.#.#♣'♣♣♣'♣#
#.#.##.# #..######
#)#.##.####)......
#)#.##.....'......
#@#.########......
#z#.#......#......
#.#.#.####.#......
#.#.#<# #.#......
..#.#.# #.#......
~########.#.#
#.#....[<
..........#.#
#.#######
..........#.# #.#
#########.#.# #.#


You could see a wight.

Vanquished Creatures
  Sigmund (D:3)
  3 black bears (D:5)
  4 ogres
  A scorpion (D:6)
  4 wights (D:6)
  A jelly (D:6)
  2 hounds (D:5)
  An orc priest (D:5)
  Terence (D:2)
  An iguana (D:3)
  Robin (D:3)
  3 gnolls (D:2)
  An adder (D:5)
  3 dart slugs
  8 orcs
  3 endoplasms
  2 giant cockroaches (D:2)
  4 goblins
  9 hobgoblins
  A quokka (D:4)
  5 ball pythons
  A frilled lizard (D:3)
  5 kobolds
  3 rats
68 creatures vanquished.

Notes
Turn   | Place    | Note
-------+----------+-------------------------------------------
     0 | D:5      | leafyfresh the Octopode Delver began the quest for the Orb.
     0 | D:5      | Reached XP level 1. HP: 16/16 MP: 1/1
    80 | D:5      | Noticed an orc priest
   555 | D:2      | Reached skill level 7 in Stealth
   568 | D:2      | Reached XP level 2. HP: 21/21 MP: 2/2
   953 | D:2      | Reached XP level 3. HP: 26/26 MP: 3/3
   956 | D:2      | Reached skill level 8 in Stealth
  1202 | D:2      | Noticed Terence
  1210 | D:2      | Killed Terence
  1211 | D:2      | Reached XP level 4. HP: 19/31 MP: 4/4
  1550 | D:3      | Found a faded altar of an unknown god.
  1590 | D:3      | Reached skill level 9 in Stealth
  1698 | D:3      | Identified the +2 helmet of Terror {rC+}
  1747 | D:3      | Noticed Sigmund
  1765 | D:3      | Killed Sigmund
  1766 | D:3      | Reached skill level 10 in Stealth
  1766 | D:3      | Reached XP level 5. HP: 5/36 MP: 5/5
  1766 | D:3      | Reached XP level 6. HP: 6/42 MP: 6/6
  2082 | D:3      | Found Figaacud's Assorted Antiques.
  2339 | D:3      | Noticed Robin
  2342 | D:3      | Reached skill level 11 in Stealth
  2351 | D:3      | Killed Robin
  2545 | D:3      | Identified the +2 helmet of Sekhimot {Dex-5 Slay+3 Stlth+}
  2548 | D:3      | Found a hide-covered altar of Uskayaw.
  2891 | D:3      | Identified the +1 scale mail "Izxefiog" {rC+ Stlth+}
  3787 | D:5      | Reached XP level 7. HP: 46/46 MP: 7/7
  3833 | D:5      | Found a bloodstained altar of Trog.
  4107 | D:5      | Found a staircase to the Ecumenical Temple.
  4116 | Temple   | Entered the Ecumenical Temple
  4159 | Temple   | Became a worshipper of Ashenzari the Shackled
  4203 | D:5      | Found a shadowy altar of Dithmenos.
  4203 | D:5      | Found a sparkling altar of Nemelex Xobeh.
  4748 | D:6      | Learned a level 1 spell: Summon Small Mammal
  4793 | D:6      | Reached XP level 8. HP: 54/54 MP: 8/8
  4818 | D:6      | Reached skill level 5 in Fighting
  4835 | D:6      | Found an ancient bone altar of Kikubaaqudgha.
  5021 | D:6      | Reached skill level 5 in Dodging
  5769 | D:6      | Slain by a wight

Illustrated notes

Levels and vault maps discovered:
D:2:      layout_loops_corners, uniq_terence
D:3:      layout_loops_ring, nicolae_uskayaw_dance_hall, basic_ecumenical_altar,
          serial_shops, nicolae_shop_trees, minmay_misc_feat_tiny, uniq_sigmund,
          uniq_robin
D:4:      layout_cave_pools, serial_rivers, chequers_serial_rivers_micro_c,
          chequers_serial_rivers_large_a, chequers_serial_rivers_small_3,
          chequers_serial_rivers_micro_c, chequers_serial_rivers_room_b
D:5:      layout_gridville, nicolae_overflow_two_pavilions,
          trog_ov_bears_minmay, minmay_temple_entry_antechambers,
          hellmonk_bongcloud_opening, minmay_stone_trees_medium
D:6:      cheibrodos_thug_alley, layout_basic,
          chequers_temple_overflow_minitemple,
          mainiacjoe_overflow_six_doors_small
Temple:   compressed_dpeg_triangle_lava_temple

Skill      XL: |  1  2  3  4  5  6  7  8 |
---------------+-------------------------+-----
Stealth        | 7 8 10 11 | 11.6
Fighting       | 4 6 |  6.1
Dodging        | 4 5 |  5.7
Short Blades   | |  2.0

Action                   |  1- 3 |  4- 6 |  7- 9 || total
-------------------------+-------+-------+-------++-------
Melee: Short sword       |    36 |     7 |    24 ||    67
       Constrict         |     6 |    19 |     9 ||    34
       Tentacles         |     3 |    17 |    13 ||    33
       Dagger            |       |    48 |    22 ||    70
       Punch             |       |     2 |       ||     2
       Scimitar          |       |       |    10 ||    10
Throw: Throwing net      |       |       |     1 ||     1
 Cast: Summon Small Mamm |       |       |     2 ||     2
Evoke: Wand              |       |       |     2 ||     2
  Use: Scroll            |       |     1 |     7 ||     8
 Stab: Sleeping          |    13 |     9 |     4 ||    26
       Distracted        |       |       |     1 ||     1
       Held in net/web   |       |       |     1 ||     1
Armor: Skin              |       |     3 |     2 ||     5
Dodge: Dodged            |    21 |    15 |    36 ||    72
